 Dungeon Crawl Stone Soup version 0.31-a0-210-gccc998df9b (webtiles) character file.

Game seed: 2630996469649455025

2024 GordonOverkill the Gusty (level 9, 0/58 (65) HPs)
             Began as a Vampire Earth Elementalist on June 29, 2023.
             Was an Initiate of Cheibriados.
             Slain by a steam dragon (9 damage)
             ... on level 7 of the Dungeon.
             The game lasted 00:14:42 (6541 turns).

GordonOverkill the Gusty (VpEE)                     Turns: 6541, Time: 00:14:43

HP:   0/58 (65)     AC:  6    Str: 11    XL:     9   Next: 3%
MP:   12/16         EV: 13    Int: 22    God:    Cheibriados [......]
Gold: 322           SH:  0    Dex: 16    Spells: 7/18 levels left

rFire   . . .        d - +0 dagger (venom)
rCold   . . .        (no shield)
rNeg    . . .        a - +0 robe
rPois   .            r - +2 helmet
rElec   .            (no cloak)
rCorr   .            D - +0 pair of gloves {Str+3}
SInv    +            (no boots)
Will    .....        (no amulet)
Stlth   ++           o - ring of flight
HPRegen 0.49/turn    (no ring)
MPRegen 0.15/turn

%: no passive effects
@: flying, healing quickly, heavily drained, very slow
A: alive, fangs 3, see invisible, vampiric 2
a: Exsanguinate, Renounce Religion


You were on level 7 of the Dungeon.
You worshipped Cheibriados.
Cheibriados was noncommittal.
You visited 2 branches of the dungeon, and saw 8 of its levels.

You collected 322 gold pieces.

Inventory:

Hand Weapons
 d - a +0 dagger of venom (weapon)
 j - a +2 dagger of electrocution
Armour
 a - a +0 robe (worn)
 r - a +2 helmet (worn)
 y - an orb of energy
 D - a +0 pair of gloves of strength (worn)
Jewellery
 o - a ring of flight (left hand)
Wands
 t - a wand of flame (13)
 A - a wand of digging (5)
 B - a wand of polymorph (13)
Scrolls
 g - 2 scrolls of teleportation
 i - a scroll of vulnerability {unknown}
 k - a scroll of enchant armour
 l - 3 scrolls of blinking
 m - a scroll of fog {unknown}
 n - a scroll of fear
 p - a scroll of butterflies
 s - a scroll of poison {unknown}
 x - a scroll of silence {unknown}
 C - a scroll of noise {unknown}
 E - a scroll of identify
Potions
 b - a potion of magic
 c - 3 potions of berserk rage
 e - 2 potions of curing
 f - a potion of heal wounds
 h - a potion of cancellation
 q - a potion of invisibility {unknown}
 u - a potion of brilliance {unknown}
 v - a potion of might {unknown}
 w - a potion of resistance {unknown}
 z - a potion of attraction {unknown}


   Skills:
 - Level 4.0 Fighting
 - Level 4.0 Short Blades
 - Level 3.0 Dodging
 - Level 3.0 Stealth
 - Level 5.0 Spellcasting
 - Level 3.0 Transmutations
 + Level 6.7 Air Magic
 - Level 4.0 Earth Magic
 - Level 3.0 Invocations
 + Level 0.0 Evocations


You had 7 spell levels left.
You knew the following spells:

 Your Spells              Type           Power      Damage    Failure   Level
a - Sandblast             Erth           46%        2d11      1%          1
b - Passwall              Tmut/Erth      16%        N/A       3%          2
c - Maxwell's Capacitive  Air            17%        ∞         100%        8

Your spell library contained the following spells:

 Spells                   Type           Power      Damage    Failure   Level
 Vhi's Electric Charge    Tloc/Air       40%        N/A       8%          3
 Stone Arrow              Conj/Erth      28%        3d8       13%         3
 Scorch                   Fire           10%        2d5       16%         2
 Petrify                  Tmut/Erth      20%        N/A       24%         4
 Inner Flame              Hex/Fire       5%         N/A       30%         3
 Volatile Blastmotes      Fire/Tloc      10%        2d10      30%         3
 Arcjolt                  Conj/Air       10%        1d20      56%         5


Dungeon Overview and Level Annotations

Branches:
Dungeon (7/15)             Temple (1/1) D:5

Altars:
Cheibriados
Dithmenos
Vehumet
Wu Jian
Xom


Innate Abilities, Weirdness & Mutations

Your natural rate of healing is accelerated.
You have razor-sharp teeth.
You have supernaturally acute eyesight. (SInv)
You are afflicted with vampirism and can become a bat while bloodless.


Message History

The steam dragon is lightly wounded.
You are engulfed in a cloud of scalding steam.
The steam dragon bites you but does no damage.
The steam dragon misses you.
Casting: Sandblast (safe; 1% risk of failure)
Confirm with . or Enter, or press ? or * to list all spells.
Aiming: Sandblast (safe; 1% risk of failure)
Press: ? - help, Shift-Dir - straight line, f/p - steam dragon
Aim: a steam dragon (lightly wounded, catching its breath, 83% to hit)
The blast of sand hits the steam dragon!
The steam dragon is moderately wounded.
You are engulfed in a cloud of scalding steam.
* * * LOW HITPOINT WARNING * * *
The steam dragon closely misses you. The steam dragon barely misses you.
Casting: Sandblast (safe; 1% risk of failure)
Confirm with . or Enter, or press ? or * to list all spells.
Aiming: Sandblast (safe; 1% risk of failure)
Press: ? - help, Shift-Dir - straight line, f/p - steam dragon
Aim: a steam dragon (moderately wounded, 83% to hit)
The blast of sand misses the steam dragon.
The blast of sand hits the kobold!
You kill the kobold!
Cheibriados appreciates the change of pace.
You are engulfed in a cloud of scalding steam.
* * * LOW HITPOINT WARNING * * *
The steam dragon barely misses you. The steam dragon claws you.
* * * LOW HITPOINT WARNING * * *
The steam dragon breathes steam at you. The ball of steam hits you!
* * * LOW HITPOINT WARNING * * *
You hear a shout! x2; You hear a bark!
Casting: Sandblast (safe; 1% risk of failure)
Confirm with . or Enter, or press ? or * to list all spells.
Aiming: Sandblast (safe; 1% risk of failure)
Press: ? - help, Shift-Dir - straight line, f/p - steam dragon
Aim: a steam dragon (moderately wounded, catching its breath, 83% to hit)
The blast of sand hits the steam dragon!
The steam dragon is almost dead.
The steam dragon bites you!
You die...

...... #.#
#####. #.#
#. #.# #.
#.# # #.#
#### #.#
...#
#§####...#
#§§@D)...#
######...#
...# D..#
.### .. .K
.≈


You could see a steam dragon (catching breath).

Vanquished Creatures
  A water moccasin (D:5)
  An ice beast (D:5)
  A black bear (D:7)
  2 sky beasts (D:7)
  3 ogres
  A centaur (D:6)
  3 phantoms
  A kobold brigand (D:6)
  A bullfrog (D:6)
  A scorpion (D:5)
  5 wights (D:7)
  3 howler monkeys
  An electric eel (D:6)
  2 hounds (D:5)
  5 iguanas
  An orc wizard (D:5)
  Robin (D:3)
  6 adders
  A shadow imp (D:6)
  2 white imps (D:7)
  2 worms
  2 dart slugs
  5 orcs
  9 bats
  10 endoplasms
  4 giant cockroaches
  29 goblins
  6 hobgoblins
  6 jackals (D:1)
  2 quokkas (D:4)
  5 ball pythons
  3 frilled lizards
  10 kobolds
  2 rats
137 creatures vanquished.

Notes
Turn   | Place    | Note
-------+----------+-------------------------------------------
     0 | D:1      | GordonOverkill the Vampire Earth Elementalist began the
                  | quest for the Orb.
     0 | D:1      | Reached XP level 1. HP: 13/13 MP: 3/3
   111 | D:1      | Reached XP level 2. HP: 19/19 MP: 3/5
   669 | D:1      | Gained mutation: You are afflicted with vampirism and can
                  | become a bat while bloodless. [Vampire growth]
   669 | D:1      | Reached XP level 3. HP: 22/24 MP: 0/6
  1493 | D:2      | Found a shadowy altar of Dithmenos.
  1978 | D:3      | Reached XP level 4. HP: 25/30 MP: 5/8
  2049 | D:3      | Reached skill level 1 in Air Magic
  2180 | D:3      | Noticed an ogre
  2223 | D:2      | Learned a level 2 spell: Passwall
  2332 | D:3      | Killed an ogre
  2333 | D:3      | Reached XP level 5. HP: 28/35 MP: 4/10
  2501 | D:3      | Noticed Robin
  2621 | D:3      | Killed Robin
  2622 | D:3      | Reached skill level 2 in Air Magic
  2631 | D:2      | HP: 1/35 [poisoned by Robin]
  2894 | D:4      | Got the Handbook of the Torch
  2933 | D:4      | Reached XP level 6. HP: 39/42 MP: 4/11
  3073 | D:4      | Reached skill level 1 in Fighting
  3073 | D:4      | Reached skill level 1 in Short Blades
  3758 | D:5      | Entered Level 5 of the Dungeon
  3765 | D:5      | Reached XP level 7. HP: 43/49 MP: 8/13
  3886 | D:5      | Reached skill level 3 in Air Magic
  4193 | D:5      | Found a staircase to the Ecumenical Temple.
  4773 | D:6      | Reached skill level 4 in Air Magic
  4773 | D:6      | Reached XP level 8. HP: 39/58 MP: 6/15
  5341 | Temple   | Entered the Ecumenical Temple
  5361 | Temple   | Became a worshipper of Cheibriados the Contemplative
  5394 | D:6      | Reached skill level 5 in Spellcasting
  5486 | D:6      | Reached skill level 1 in Invocations
  5943 | D:7      | Reached skill level 5 in Air Magic
  6217 | D:7      | Reached skill level 6 in Air Magic
  6313 | D:7      | Reached XP level 9. HP: 34/65 MP: 9/16
  6385 | D:7      | Learned a level 8 spell: Maxwell's Capacitive Coupling
  6541 | D:7      | Slain by a steam dragon

Illustrated notes

Levels and vault maps discovered:
D:1:      amcnicky_arrival_single_pillar, layout_basic, minmay_heptomino_l4
D:2:      layout_basic, basic_altar, minmay_misc_feat_hallway,
          kennysheep_nondescript
D:3:      layout_rooms, serial_bayou_lagoon_a, minmay_stone_trees_medium,
          dk_noncrumbling_3, chequers_serial_rivers_micro_c,
          minmay_ogre_servants, uniq_robin
D:4:      layout_loops_ring
D:5:      layout_basic, minmay_temple_entry_arrows, kennysheep_another_room
D:6:      layout_loops_ring, kennysheep_cluttered_room
D:7:      layout_basic, nicolae_overflow_hidden_temple,
          mainiacjoe_overflow_small_starburst
Temple:   eino_wide_crystal_templ

Skill      XL: |  1  2  3  4  5  6  7  8 |
---------------+-------------------------+-----
Transmutations | 2 3 |  3.0
Dodging        | 3 |  3.0
Air Magic      | 1 2 4 6 |  6.7
Spellcasting   | 3 4 5 |  5.0
Earth Magic    | 4 |  4.0
Fighting       | 1 3 4 |  4.0
Short Blades   | 2 3 4 |  4.0
Invocations    | 3 |  3.0
Stealth        | |  3.0

Action                     |  1- 3 |  4- 6 |  7- 9 || total
---------------------------+-------+-------+-------++-------
  Melee: Bite              |     2 |     2 |       ||     4
         Unarmed           |     2 |       |       ||     2
         Dagger            |     4 |     4 |       ||     8
   Cast: Sandblast         |    65 |    82 |   159 ||   306
    Use: Scroll            |     2 |     2 |    11 ||    15
         Potion            |       |       |     1 ||     1
 Armour: Robe              |     8 |    11 |    33 ||    52
  Dodge: Dodged            |    18 |    48 |   106 ||   172

Table legend: (Time is in decaauts)
 A = Elapsed time spent in this place.
 B = Non-inter-level travel time spent in this place.
 C = Inter-level travel time spent in this place.
 D = Time resting spent in this place.
 E = Time spent auto-exploring this place.
 F = Levels seen in this place.
 G = Mean time per level.
                   A        B        C        D        E       F      G
               +--------+--------+--------+--------+--------+-----+--------+
         Total |   6852 |   6405 |    447 |   2298 |   2799 |   8 |  856.5 |
       Dungeon |   6819 |   6384 |    435 |   2298 |   2799 |   7 |  974.1 |
        Temple |     33 |     21 |     12 |      0 |      0 |   1 |   33.0 |
               +--------+--------+--------+--------+--------+-----+--------+

Top non-repeatable levels by time:
     D:2: 1157 daAuts
     D:6: 1135 daAuts
     D:5: 1058 daAuts
     D:1: 1037 daAuts
     D:4: 887 daAuts
     D:7: 788 daAuts
     D:3: 754 daAuts
  Temple: 33 daAuts
